 Dungeon Crawl Stone Soup version 0.28.0-43-g3370ac3207 (webtiles) character file.

Game seed: 16989948566025599740

43 Ablot the Grasshopper (level 3, -4/31 HPs)
             Began as a Gnoll Warper on Mar 12, 2022.
             Killed by nerve-wracking pain
             ... invoked by Jessica
              (14 damage)
             ... on level 2 of the Dungeon.
             The game lasted 00:02:10 (1058 turns).

Ablot the Grasshopper (Gnoll Warper)                Turns: 1058, Time: 00:02:10

Health: -4/31      AC:  4    Str: 12    XL:     3   Next: 58%
Magic:  9/9        EV: 13    Int: 12    God:
Gold:   14         SH:  0    Dex: 17    Spells: 10/12 levels left

rFire   . . .      SeeInvis .   a - +0 spear
rCold   . . .      Faith    .   (no shield)
rNeg    . . .      Spirit   .   b - +0 leather armour
rPois   .          Reflect  .   m - +0 helmet
rElec   .          Harm     .   (no cloak)
rCorr   .          Rampage  .   (no gloves)
Will    .....                   (no boots)
Stlth   ++........              (no amulet)
HPRegen 0.10/turn               e - +6 ring of dexterity
MPRegen 0.11/turn               (no ring)

@: no status effects
A: fangs 1, strong nose, distributed training
a: no special abilities


You were on level 2 of the Dungeon.
You visited 1 branch of the dungeon, and saw 2 of its levels.

You collected 14 gold pieces.

Inventory:

Hand Weapons
 a - a +0 spear (weapon)
Missiles
 d - 5 boomerangs of dispersal
 h - 29 arrows
 i - 9 stones (quivered)
 j - 5 sling bullets
Armour
 b - a +0 leather armour (worn)
 m - a +0 helmet (worn)
Jewellery
 e - a +6 ring of dexterity (left hand)
Scrolls
 c - a scroll of blinking
 f - a scroll of teleportation {unknown}
 g - a scroll of silence {unknown}
 k - 2 scrolls of identify {unknown}
 l - 2 scrolls of magic mapping {unknown}
 n - a scroll of enchant armour {unknown}
Potions
 o - a potion of heal wounds {unknown}
 p - a potion of attraction {unknown}


   Skills:
 + Level 4.5 Fighting
 + Level 0.8 Short Blades
 + Level 0.8 Long Blades
 + Level 0.8 Axes
 + Level 0.8 Maces & Flails
 + Level 4.5 Polearms
 + Level 0.8 Staves
 + Level 0.8 Slings
 + Level 0.8 Bows
 + Level 0.8 Crossbows
 + Level 2.6 Throwing
 + Level 2.6 Armour
 + Level 4.5 Dodging
 + Level 0.8 Stealth
 + Level 0.8 Shields
 + Level 0.8 Unarmed Combat
 + Level 5.0 Spellcasting
 + Level 0.5 Conjurations
 + Level 0.5 Hexes
 + Level 0.5 Summonings
 + Level 0.5 Necromancy
 + Level 5.4 Translocations
 + Level 0.5 Transmutations
 + Level 0.5 Fire Magic
 + Level 0.5 Ice Magic
 + Level 0.5 Air Magic
 + Level 0.5 Earth Magic
 + Level 0.5 Poison Magic
 + Level 1.0 Invocations
 + Level 0.8 Evocations


You had 10 spell levels left.
You knew the following spells:

 Your Spells              Type           Power      Damage    Failure   Level
a - Blink                 Tloc           32%        N/A       4%          2

Your spell library contained the following spells:

 Spells                   Type           Power      Damage    Failure   Level
 Gell's Gravitas          Tloc           16%        N/A       9%          3
 Lesser Beckoning         Tloc           16%        N/A       9%          3
 Teleport Other           Tloc           16%        N/A       9%          3
 Manifold Assault         Tloc           16%        N/A       58%         5


Dungeon Overview and Level Annotations

Branches:
Dungeon (2/15)

Altars:

Shops:
D:1 **((

Annotations:
D:2 Jessica


Innate Abilities, Weirdness & Mutations

You have very sharp teeth.
Your uncanny sense of smell can sniff out nearby items.
Your experience applies equally to all skills.


Message History

Press: ? - help, Q - select action, (/) - cycle Shift-Dir - straight line, f/p - Jessica
Aim: Jessica, wielding a +6 spectral club and wearing a +0 robe (moderately wounded, fast, 63% to hit)
You throw a stone. The stone hits Jessica.
Jessica is heavily wounded.
Jessica casts a spell at you. Pain shoots through your body!
* * * LOW HITPOINT WARNING * * *
Jessica mumbles something strange.
Throw: 11 stones
Press: ? - help, Q - select action, (/) - cycle Shift-Dir - straight line, f/p - Jessica
Aim: Jessica, wielding a +6 spectral club and wearing a +0 robe (heavily wounded, fast, 63% to hit)
You throw a stone. The stone barely misses Jessica.
Unknown command.
Throw: 10 stones
Press: ? - help, Q - select action, (/) - cycle Shift-Dir - straight line, f/p - Jessica
Aim: Jessica, wielding a +6 spectral club and wearing a +0 robe (heavily wounded, fast, 63% to hit)
You throw a stone.
The stone hits Jessica but does no damage.
Jessica is heavily wounded.
You are too injured to fight recklessly!
You are too injured to fight recklessly!
You hit Jessica but do no damage.
Jessica is heavily wounded.
Jessica misses you.
Unknown command.
You closely miss Jessica. Your bite misses Jessica.
Jessica is heavily wounded.
Jessica closely misses you.
You hit Jessica.
Jessica is almost dead.
Jessica barely misses you. x2
You closely miss Jessica.
Jessica is almost dead.
Jessica casts a spell at you. You resist with some effort.
You closely miss Jessica. You bite Jessica, but do no damage.
Jessica is almost dead.
Jessica casts a spell at you. Pain shoots through your body!
You die... ♣≈≈≈P ##(....## ♣♣≈♣P ##.(.....## ♣≈≈≈ ......... ♣P♣≈♣ ....... #.# ♣PPPP≈≈

..(..###.PP♣≈P.PPP♣
... ...P≈≈≈P..P.≈
#@# #.≈.≈≈.≈##.≈≈
#@# #.≈P♣≈≈# #..P
#.# #.P≈≈P≈# #..≈
#.# #P≈P≈≈≈# #.#.
#.# #.≈≈)P# #.#P
#.####P≈.≈.# #.##
#.......##.# #.##
##########.####.##
##.>....##
#....)..≈♣


You could see Jessica (fast).

Vanquished Creatures
  A gnoll (D:1)
  A dart slug (D:1)
  2 endoplasms (D:1)
  A giant cockroach (D:1)
  3 goblins
  4 hobgoblins (D:1)
  2 jackals (D:1)
  3 kobolds
  A quokka (D:1)
  5 ball pythons
  3 bats (D:1)
  2 frilled lizards
  2 rats (D:1)
30 creatures vanquished.

Vanquished Creatures (others)
  9 plants (D:2)
9 creatures vanquished.

Grand Total: 39 creatures vanquished

Notes
Turn   | Place    | Note
-------+----------+-------------------------------------------
     0 | D:1      | Ablot the Gnoll Warper began the quest for the Orb.
     0 | D:1      | Reached XP level 1. HP: 20/20 MP: 6/6
     2 | D:1      | Found Ledeq's Weapon Shoppe.
   121 | D:1      | Reached XP level 2. HP: 26/26 MP: 7/7
   143 | D:1      | Learned a level 2 spell: Blink
   252 | D:1      | Reached skill level 5 in Spellcasting
   252 | D:1      | Reached XP level 3. HP: 31/31 MP: 7/9
   299 | D:1      | Found Bugixoco's General Store.
   404 | D:1      | Found Upnu's General Store.
   695 | D:1      | Reached skill level 1 in Invocations
   853 | D:1      | Found Suupn's Antique Weapon Boutique.
  1047 | D:2      | Noticed Jessica
  1058 | D:2      | Killed from afar by Jessica

Illustrated notes

Levels and vault maps discovered:
D:1:      lightli_arrival_maybe_door_vault, layout_rooms, serial_bayou,
          serial_bayou_pond_e, serial_bayou_shore_b, serial_bayou_crossing,
          serial_bayou_pond_e, serial_shops, shop, shop,
          nicolae_shop_hallway_stairs, shop, minmay_heptomino_o4
D:2:      layout_loops_ring, serial_bayou, serial_bayou_lagoon_a,
          serial_bayou_pond_d, serial_bayou_shore_a, serial_bayou_lagoon_b,
          uniq_jessica

Skill      XL: |  1  2  3 |
---------------+----------+-----
Spellcasting   | 5 |  5.0
Invocations    | 1 |  1.0
Fighting       | |  4.5
Short Blades   | |  0.8
Long Blades    | |  0.8
Axes           | |  0.8
Maces & Flails | |  0.8
Polearms       | |  4.5
Staves         | |  0.8
Slings         | |  0.8
Bows           | |  0.8
Crossbows      | |  0.8
Throwing       | |  2.6
Armour         | |  2.6
Dodging        | |  4.5
Stealth        | |  0.8
Shields        | |  0.8
Unarmed Combat | |  0.8
Conjurations   | |  0.5
Hexes          | |  0.5
Summonings     | |  0.5
Necromancy     | |  0.5
Translocations | |  5.4
Transmutations | |  0.5
Fire Magic     | |  0.5
Ice Magic      | |  0.5
Air Magic      | |  0.5
Earth Magic    | |  0.5
Poison Magic   | |  0.5
Evocations     | |  0.8

Action                   || total
-------------------------++-------
Melee: Spear             ||    96
       Bite              ||    10
Throw: Stone             ||     6
 Stab: Sleeping          ||     4
Armor: Leather armour    ||    13
Dodge: Dodged            ||    31
